Gulls vs Icehogs

Created - April 5, 2025 at 22:53

Goals
1 2 3 T
Gulls 2 2 3 7
Icehogs 4 1 3 8
Shots
1 2 3 T
Gulls 8 16 10 34
Icehogs 13 11 15 39

1st period

1. Gulls , Troy Terry 19 (Calvin Thurkauf 5, Dean Kukan 25) at 0:51
2. Icehogs , Mikhail Grigorenko 27 (Hudson Fasching 60, Julius Honka 38) at 4:23
3. Icehogs , Hudson Fasching 41 (Mikhail Grigorenko 42, Dillon Dube 45) at 5:06 (PP)
4. Icehogs , Hudson Fasching 42 (Mikhail Grigorenko 43, Dillon Dube 46) at 5:14
5. Gulls , Sergey Tolchinsky 22 (Dean Kukan 26) at 13:40
6. Icehogs , Hudson Fasching 43 (Ben Johnson 21, Ross Johnston 10) at 19:07

Penalties :
Markus Niemelainen (S.D) for Slashing (Minor) at 5:01, Logan Brown (S.D) for Tripping (Minor) at 19:10

2nd period

7. Gulls , Mikhail Maltsev 12 (Andrei Mironov 21, Troy Terry 17) at 5:15
8. Icehogs , Mikhail Grigorenko 28 (Hudson Fasching 61, Julius Honka 39) at 9:08 (PP)
9. Gulls , Jack Glover 3 (Damien Giroux 1) at 15:47

Penalties :
Logan Brown (S.D) for Holding Stick (Minor) at 8:10, Logan Brown (S.D) for Cross-checking (Minor) at 12:37

3rd period

10. Gulls , Nick Merkley 9 (Dean Kukan 27) at 2:16
11. Gulls , Damien Giroux 1 (Nick Merkley 7, Jack Glover 15) at 5:10
12. Icehogs , Hudson Fasching 44 (Declan Chisholm 6, Dillon Dube 47) at 11:13
13. Icehogs , Mikhail Grigorenko 29 (Julius Honka 40, Zach Whitecloud 14) at 12:27
14. Gulls , Logan Brown 30 (Troy Terry 18) at 13:13 (PP)
15. Icehogs , Mikhail Grigorenko 30 (Hudson Fasching 62, Julius Honka 41) at 19:50 (PP)

Penalties :
Patrick Sieloff (Roc) for Unsportsmanlike conduct (Minor) at 13:07, Calvin Thurkauf (S.D) for Tripping (Minor) at 18:59

Goalie Stats

Eamon McAdam (S.D), 9 saves from 13 shots - (0.692), 19:07 minutes
Louis Domingue (S.D), 22 saves from 26 shots - (0.846), L, 22-16-9, 40:53 minutes
Oscar Dansk (Roc), 27 saves from 34 shots - (0.794), W, 8-6-1, 60:00 minutes

Players Stats for Gulls

Player Name              G  A  P  +/- PIM S  H  SB GA TA FO     MP     PP MP  PK MP  
------------------------------------------------------------------------------------
Andrei Mironov           0  1  1  -1  0   1  0  1  0  0  0/0    15:43   0:06   0:00 
Anton Blidh              0  0  0  -3  0   5  3  0  1  0  2/2    18:24   0:06   1:03 
Calvin Thurkauf          0  1  1   2  2   1  4  2  1  1  3/7    13:24   0:00   1:23 
Damien Giroux            1  1  2   3  0   1  0  0  0  0  1/4    11:02   0:00   0:57 
Dean Kukan               0  3  3   1  0   2  0  0  1  1  0/0    27:25   0:06   3:58 
Dylan DeMelo             0  0  0   0  0   2  1  1  1  1  0/0    15:47   0:00   3:58 
Jack Glover              1  1  2   0  0   3  0  3  1  0  0/0    20:34   0:00   1:42 
Jakub Vrana              0  0  0  -3  0   1  3  1  0  1  1/1    17:48   0:00   0:00 
Logan Brown              1  0  1  -3  6   4  2  1  1  0  12/21  17:54   0:06   0:00 
Luke Kunin               0  0  0  -1  0   1  3  2  1  1  10/20  17:42   0:00   3:32 
Markus Niemelainen       0  0  0   2  2   2  0  0  0  0  0/0    21:42   0:00   1:54 
Mikhail Maltsev          1  0  1   2  0   2  0  0  0  1  0/0    12:42   0:00   0:28 
Nick Merkley             1  1  2   3  0   4  1  0  0  0  0/0     9:57   0:00   0:00 
Pavel Dorofeyev          0  0  0   3  0   1  1  1  1  0  0/0     9:57   0:00   0:00 
Scott Wilson             0  0  0  -1  0   0  3  1  0  0  0/0    14:56   0:00   0:42 
Sergey Tolchinsky        1  0  1  -1  0   2  2  2  0  1  0/1    18:15   0:00   3:39 
Tarmo Reunanen           0  0  0   0  0   1  1  1  0  2  0/0    18:48   0:00   0:12 
Troy Terry               1  2  3   2  0   1  1  0  3  0  0/0    12:03   0:06   0:00 

Players Stats for Icehogs

Player Name              G  A  P  +/- PIM S  H  SB GA TA FO     MP     PP MP  PK MP  
------------------------------------------------------------------------------------
Andrew Poturalski        0  0  0  -2  0   2  3  1  2  0  4/10   15:53   2:02   0:00 
Ben Johnson              0  1  1  -2  0   1  2  0  0  0  2/3    12:49   0:54   0:00 
Calle Andersson          0  0  0  -4  0   1  1  1  0  1  0/0    18:45   1:53   0:06 
Declan Chisholm          0  1  1   0  0   1  0  1  1  0  0/0    12:48   0:00   0:00 
Dillon Dube              0  3  3   4  0   4  2  0  0  0  15/33  21:57   3:15   0:06 
Gabriel Fortier          0  0  0  -1  0   1  0  0  0  0  0/0     9:24   0:00   0:00 
Hudson Fasching          4  3  7   4  0   9  1  2  1  1  0/1    21:51   3:15   0:00 
Jeremy Davies            0  0  0  -4  0   0  1  3  0  1  0/0    18:39   1:53   0:00 
JJ. Piccinich            0  0  0  -2  0   1  2  0  0  0  0/0    12:46   0:35   0:00 
Julius Honka             0  4  4   3  0   1  0  2  1  2  0/0    28:33   3:59   0:06 
Maxim Letunov            0  0  0  -1  0   1  0  1  0  1  2/3     9:40   0:00   0:00 
Mikhail Grigorenko       4  2  6   4  0   8  0  0  1  2  2/3    21:56   3:14   0:06 
Mitchell Chaffee         0  0  0  -1  0   0  0  1  0  0  0/0     9:24   0:00   0:00 
Nikita Scherbak          0  0  0  -2  0   3  0  0  0  0  0/0    15:53   2:02   0:00 
Nils Hoglander           0  0  0  -2  0   2  2  0  1  1  1/1    15:53   2:02   0:00 
Patrick Sieloff          0  0  0   3  2   2  0  2  2  2  0/0    28:26   3:59   0:00 
Ross Johnston            0  1  1  -2  0   0  0  0  0  0  1/2    12:28   0:17   0:00 
Zach Whitecloud          0  1  1   0  0   2  0  1  0  0  0/0    12:48   0:00   0:00 

3 Stars

1 - Hudson Fasching (Roc)
2 - Mikhail Grigorenko (Roc)
3 - Julius Honka (Roc)

Power Play

Gulls - 1 on 1 Attempt(s) - 100.00%
Icehogs - 3 on 5 Attempt(s) - 60.00%

Penalty Kill

Gulls - 2 on 5 Attempt(s) - 40.00% - Score 0 goal in Penalty Kill
Icehogs - 0 on 1 Attempt(s) - 0.00% - Score 0 goal in Penalty Kill

Team Stat

Gulls - Hits : 25 - Faceoff Wins : 29 - Blocked Shots : 16 - Penalty Minutes : 10
Icehogs - Hits : 14 - Faceoff Wins : 27 - Blocked Shots : 15 - Penalty Minutes : 2

Official

Referees : Ian Walsh and Dean Morton
Linesman : Ryan Gibbons and Scott Cherrey

Game Notes

Hudson Fasching has scored a Hat Trick!
Louis Domingue enters game at 19:07 of 1st period
Mikhail Grigorenko has scored a Hat Trick!

Finance

Level 1 -- Attendance: 1862 (93.10%) -- Ticket Income $130,340
Level 2 -- Attendance: 945 (94.50%) -- Ticket Income $37,800
Total Attendance: 2807 (93.57%)
Total Ticket Income: $168,140
Other Income: $8,407
Total Income: $176,547

Gulls

5 vs 5 Forward 
   Center                   Left Wing                Right Wing               Time % Phy DF OF 
 1 Logan Brown              Anton Blidh              Jakub Vrana              35     0   1  4  
 2 Luke Kunin               Sergey Tolchinsky        Scott Wilson             30     0   1  4  
 3 Calvin Thurkauf          Mikhail Maltsev          Troy Terry               25     0   2  3  
 4 Damien Giroux            Pavel Dorofeyev          Nick Merkley             10     1   2  2  

5 vs 5 Defense 
   Defense                  Defense                                           Time % Phy DF OF 
 1 Dean Kukan               Markus Niemelainen                                40     0   2  3  
 2 Tarmo Reunanen           Jack Glover                                       30     0   2  3  
 3 Andrei Mironov           Dylan DeMelo                                      20     0   2  3  
 4 Dean Kukan               Andrei Mironov                                    10     0   2  3  

PowerPlay Forward 
   Center                   Left Wing                Right Wing               Time % Phy DF OF 
 1 Logan Brown              Anton Blidh              Troy Terry               60     0   1  4  
 2 Luke Kunin               Sergey Tolchinsky        Jakub Vrana              40     0   1  4  

PowerPlay Defense
   Defense                  Defense                                           Time % Phy DF OF 
 1 Dean Kukan               Andrei Mironov                                    60     1   2  2  
 2 Dylan DeMelo             Tarmo Reunanen                                    40     1   2  2  

Penalty Kill 4 Players Forward 
   Center                   Wing                     Time % Phy DF OF 
 1 Luke Kunin               Sergey Tolchinsky        60     1   2  2  
 2 Calvin Thurkauf          Scott Wilson             40     1   2  2  

Penalty Kill 4 Players Defense
   Defense                  Defense                  Time % Phy DF OF 
 1 Dean Kukan               Dylan DeMelo             60     1   2  2  
 2 Jack Glover              Markus Niemelainen       40     1   2  2  

Penalty Kill - 3 Players Forward 
   Forward                                           Time % Phy DF OF 
 1 Damien Giroux                                     60     1   2  2  
 2 Calvin Thurkauf                                   40     1   2  2  

Penalty Kill - 3 Players Defense
   Defense                  Defense                  Time % Phy DF OF 
 1 Andrei Mironov           Dylan DeMelo             60     1   2  2  
 2 Tarmo Reunanen           Jack Glover              40     1   2  2  

4 vs 4 Forward 
   Center                   Wing                     Time % Phy DF OF 
 1 Logan Brown              Scott Wilson             60     1   2  2  
 2 Luke Kunin               Troy Terry               40     1   2  2  

4 vs 4 Defense
   Defense                  Defense                  Time % Phy DF OF 
 1 Markus Niemelainen       Tarmo Reunanen           60     1   2  2  
 2 Dylan DeMelo             Jack Glover              40     1   2  2  

Last Minutes Offensive
   Center                   Left Wing                Right Wing               Defense                  Defense                  
   Logan Brown              Anton Blidh              Jakub Vrana              Dean Kukan               Andrei Mironov           

Last Minutes Defensive
   Center                   Left Wing                Right Wing               Defense                  Defense                  
   Logan Brown              Anton Blidh              Jakub Vrana              Dean Kukan               Andrei Mironov           

Goaltenders
Starting : Eamon McAdam             
Backup : Louis Domingue           

Extra Forwards
Normal : Logan Brown, Jakub Vrana, Anton Blidh - PP : Jakub Vrana, Anton Blidh - PK : Sergey Tolchinsky
Extra Defensemen
Normal : Dean Kukan, Tarmo Reunanen, Dylan DeMelo - PP : Dean Kukan - PK : Tarmo Reunanen, Dean Kukan
Penalty Shots
Jakub Vrana, Logan Brown, Scott Wilson, Anton Blidh, Sergey Tolchinsky
Custom OT Lines Forwards
Jakub Vrana, Logan Brown, Troy Terry, Anton Blidh, Sergey Tolchinsky, Scott Wilson, Luke Kunin, Calvin Thurkauf, Nick Merkley, Pavel Dorofeyev
Custom OT Lines Defensemen
Dean Kukan, Andrei Mironov, Dylan DeMelo, Jack Glover, Tarmo Reunanen

Scratches
Branden Troock (Healthy), Jake Pivonka (Healthy), Francis Perron (Healthy), Henri Ikonen (Healthy), Ryan Collins (Healthy)
Taylor Leier (Healthy), MacKenzie Entwistle (Healthy), Zack MacEwen (Healthy), Niklas Nordgren (Healthy), Massimo Rizzo (Healthy)
Drew Helleson (Healthy), Alexis Gravel (Healthy), Connor Ingram (Healthy), Mads Sogaard (Healthy)

Icehogs

5 vs 5 Forward 
   Center                   Left Wing                Right Wing               Time % Phy DF OF 
 1 Dillon Dube              Mikhail Grigorenko       Hudson Fasching          40     1   2  2  
 2 Andrew Poturalski        Nils Hoglander           Nikita Scherbak          30     1   2  2  
 3 Ben Johnson              Ross Johnston            JJ. Piccinich            20     1   2  2  
 4 Maxim Letunov            Gabriel Fortier          Mitchell Chaffee         10     1   2  2  

5 vs 5 Defense 
   Defense                  Defense                                           Time % Phy DF OF 
 1 Patrick Sieloff          Julius Honka                                      40     1   2  2  
 2 Jeremy Davies            Calle Andersson                                   30     1   2  2  
 3 Zach Whitecloud          Declan Chisholm                                   20     1   2  2  
 4 Patrick Sieloff          Julius Honka                                      10     1   2  2  

PowerPlay Forward 
   Center                   Left Wing                Right Wing               Time % Phy DF OF 
 1 Dillon Dube              Mikhail Grigorenko       Hudson Fasching          60     1   2  2  
 2 Andrew Poturalski        Nils Hoglander           Nikita Scherbak          40     1   2  2  

PowerPlay Defense
   Defense                  Defense                                           Time % Phy DF OF 
 1 Patrick Sieloff          Julius Honka                                      60     1   2  2  
 2 Jeremy Davies            Calle Andersson                                   40     1   2  2  

Penalty Kill 4 Players Forward 
   Center                   Wing                     Time % Phy DF OF 
 1 Dillon Dube              Mikhail Grigorenko       60     1   2  2  
 2 Andrew Poturalski        Nils Hoglander           40     1   2  2  

Penalty Kill 4 Players Defense
   Defense                  Defense                  Time % Phy DF OF 
 1 Patrick Sieloff          Julius Honka             60     1   2  2  
 2 Jeremy Davies            Calle Andersson          40     1   2  2  

Penalty Kill - 3 Players Forward 
   Forward                                           Time % Phy DF OF 
 1 Dillon Dube                                       60     1   2  2  
 2 Andrew Poturalski                                 40     1   2  2  

Penalty Kill - 3 Players Defense
   Defense                  Defense                  Time % Phy DF OF 
 1 Patrick Sieloff          Julius Honka             60     1   2  2  
 2 Jeremy Davies            Calle Andersson          40     1   2  2  

4 vs 4 Forward 
   Center                   Wing                     Time % Phy DF OF 
 1 Dillon Dube              Mikhail Grigorenko       60     1   2  2  
 2 Andrew Poturalski        Nils Hoglander           40     1   2  2  

4 vs 4 Defense
   Defense                  Defense                  Time % Phy DF OF 
 1 Patrick Sieloff          Julius Honka             60     1   2  2  
 2 Jeremy Davies            Calle Andersson          40     1   2  2  

Last Minutes Offensive
   Center                   Left Wing                Right Wing               Defense                  Defense                  
   Dillon Dube              Mikhail Grigorenko       Hudson Fasching          Patrick Sieloff          Julius Honka             

Last Minutes Defensive
   Center                   Left Wing                Right Wing               Defense                  Defense                  
   Dillon Dube              Mikhail Grigorenko       Hudson Fasching          Patrick Sieloff          Julius Honka             

Goaltenders
Starting : Oscar Dansk              
Backup : Mackenzie Blackwood      

Extra Forwards
Normal : Nikita Scherbak, Ben Johnson, Nils Hoglander - PP : Nikita Scherbak, Ben Johnson - PK : Nikita Scherbak
Extra Defensemen
Normal : Calle Andersson, Zach Whitecloud, Declan Chisholm - PP : Calle Andersson - PK : Calle Andersson, Zach Whitecloud
Penalty Shots
Mikhail Grigorenko, Hudson Fasching, Dillon Dube, Andrew Poturalski, Nikita Scherbak
Custom OT Lines Forwards
Mikhail Grigorenko, Hudson Fasching, Dillon Dube, Andrew Poturalski, Nikita Scherbak, Ben Johnson, Nils Hoglander, Maxim Letunov, Ross Johnston, JJ. Piccinich
Custom OT Lines Defensemen
Patrick Sieloff, Julius Honka, Jeremy Davies, Calle Andersson, Zach Whitecloud

Scratches
Clark Bishop (Healthy), Kristian Reichel (Healthy), Jackson Cates (Healthy), Antoine Morand (Healthy), Nikita Okhotyuk (Healthy)
Egor Afanasyev (Healthy), Petr Kvaca (Healthy)

% Time on Ice - Gulls

Lines # - Real PCT - Wanted PCT - Time Play
Normal Forward
1 - 32% - 35% - 17:22
2 - 27% - 30% - 14:37
3 - 22% - 25% - 11:57
4 - 18% - 10% - 9:57
Normal Defense
1 - 36% - 40% - 19:33
2 - 35% - 30% - 18:52
3 - 21% - 20% - 11:30
4 - 7% - 10% - 3:58
PP Forward
1 - 100% - 60% - 0:06
2 - 0% - 40% - 0:00
PP Defense
1 - 100% - 60% - 0:06
2 - 0% - 40% - 0:00
PK Forward
1 - 86% - 60% - 5:02
2 - 14% - 40% - 0:50
PK Defense
1 - 68% - 60% - 3:58
2 - 32% - 40% - 1:54
PK3 Forward
1 - 0% - 60%
2 - 0% - 40%
PK3 Defense
1 - 0% - 60%
2 - 0% - 40%
44 Forward
1 - 0% - 60%
2 - 0% - 40%
44 Defense
1 - 0% - 60%
2 - 0% - 40%
Last Minute Offensive  - 0:09
Last Minute Defensive  - 0:00
Total
Forward - 60:00
Defense - 60:00

% Time on Ice - Icehogs

Lines # - Real PCT - Wanted PCT - Time Play
Normal Forward
1 - 34% - 40% - 18:27
2 - 26% - 30% - 13:51
3 - 23% - 20% - 12:11
4 - 17% - 10% - 9:24
Normal Defense
1 - 37% - 40% - 19:58
2 - 31% - 30% - 16:46
3 - 24% - 20% - 12:48
4 - 8% - 10% - 4:21
PP Forward
1 - 65% - 60% - 3:50
2 - 35% - 40% - 2:02
PP Defense
1 - 68% - 60% - 3:59
2 - 32% - 40% - 1:53
PK Forward
1 - 100% - 60% - 0:06
2 - 0% - 40% - 0:00
PK Defense
1 - 100% - 60% - 0:06
2 - 0% - 40% - 0:00
PK3 Forward
1 - 0% - 60%
2 - 0% - 40%
PK3 Defense
1 - 0% - 60%
2 - 0% - 40%
44 Forward
1 - 0% - 60%
2 - 0% - 40%
44 Defense
1 - 0% - 60%
2 - 0% - 40%
Last Minute Offensive  - 0:00
Last Minute Defensive  - 0:09
Total
Forward - 60:00
Defense - 60:00

Play-by-Play

1st period


0:01 of 1st period - Logan Brown wins face-off versus Dillon Dube in neutral zone.
0:51 of 1st period - Snap shot by Troy Terry.
0:51 of 1st period - Goal by Troy Terry - Gulls : 1 - Icehogs : 0.
0:52 of 1st period - Maxim Letunov wins face-off versus Damien Giroux in neutral zone.
0:57 of 1st period - Snap shot by Maxim Letunov.
0:57 of 1st period - Shot Blocked by Jack Glover.
1:05 of 1st period - Slapshot by Maxim Letunov.
1:05 of 1st period - Stopped by Eamon McAdam with a rebound.
1:07 of 1st period - Wrist shot by Declan Chisholm.
1:07 of 1st period - Stopped by Eamon McAdam with a rebound.
3:33 of 1st period - Snap shot by Nils Hoglander.
3:33 of 1st period - Deflect By Nikita Scherbak.
3:33 of 1st period - Stopped by Eamon McAdam with a rebound.
4:23 of 1st period - Wrist shot by Mikhail Grigorenko.
4:23 of 1st period - Goal by Mikhail Grigorenko - Gulls : 1 - Icehogs : 1.
4:24 of 1st period - Logan Brown wins face-off versus Dillon Dube in neutral zone.
5:01 of 1st period - Minor Penalty to Markus Niemelainen for Slashing.
5:02 of 1st period - Dillon Dube wins face-off versus Luke Kunin in Gulls zone.
5:06 of 1st period - Snap shot by Hudson Fasching.
5:06 of 1st period - Goal by Hudson Fasching - Gulls : 1 - Icehogs : 2.
5:07 of 1st period - Dillon Dube wins face-off versus Logan Brown in neutral zone.
5:14 of 1st period - Snap shot by Hudson Fasching.
5:14 of 1st period - Goal by Hudson Fasching - Gulls : 1 - Icehogs : 3.
5:15 of 1st period - Calvin Thurkauf wins face-off versus Andrew Poturalski in neutral zone.
5:27 of 1st period - Snap shot by Nils Hoglander.
5:27 of 1st period - Stopped by Eamon McAdam with a rebound.
6:55 of 1st period - Snap shot by Nikita Scherbak.
6:55 of 1st period - Stopped by Eamon McAdam with a rebound.
6:57 of 1st period - Backhand shot by Julius Honka.
6:57 of 1st period - Shot Misses the Net.
7:46 of 1st period - Wrist shot by Scott Wilson.
7:46 of 1st period - Shot Blocked by Maxim Letunov.
7:58 of 1st period - Wrist shot by Nick Merkley.
7:58 of 1st period - Stopped by Oscar Dansk with a rebound.
8:56 of 1st period - Snap shot by Sergey Tolchinsky.
8:56 of 1st period - Shot Blocked by Julius Honka.
9:28 of 1st period - Wrist shot by Troy Terry.
9:28 of 1st period - Shot Misses the Net.
9:30 of 1st period - Wrist shot by Mikhail Maltsev.
9:30 of 1st period - Shot Misses the Net.
9:32 of 1st period - Snap shot by Calvin Thurkauf.
9:32 of 1st period - Stopped by Oscar Dansk without a rebound.
9:33 of 1st period - Dillon Dube wins face-off versus Logan Brown in Icehogs zone.
9:46 of 1st period - Wrist shot by Hudson Fasching.
9:46 of 1st period - Shot Blocked by Logan Brown.
10:09 of 1st period - Julius Honka is hit by Anton Blidh and loses puck.
10:24 of 1st period - Wrist shot by Logan Brown.
10:24 of 1st period - Shot Misses the Net.
10:26 of 1st period - Snap shot by Dean Kukan.
10:26 of 1st period - Stopped by Oscar Dansk with a rebound.
10:47 of 1st period - Jeremy Davies is hit by Tarmo Reunanen and loses puck.
11:10 of 1st period - Ben Johnson is hit by Jakub Vrana and loses puck.
11:21 of 1st period - Jakub Vrana is hit by JJ. Piccinich and loses puck.
11:42 of 1st period - Snap shot by Anton Blidh.
11:42 of 1st period - Stopped by Oscar Dansk without a rebound.
11:43 of 1st period - Luke Kunin wins face-off versus Dillon Dube in Icehogs zone.
11:54 of 1st period - Slapshot by Hudson Fasching.
11:54 of 1st period - Shot Blocked by Sergey Tolchinsky.
11:56 of 1st period - Wrist shot by Hudson Fasching.
11:56 of 1st period - Shot Misses the Net.
12:10 of 1st period - Calvin Thurkauf is hit by Nils Hoglander and loses puck.
12:17 of 1st period - Snap shot by Nikita Scherbak.
12:17 of 1st period - Stopped by Eamon McAdam with a rebound.
12:19 of 1st period - Snap shot by Nikita Scherbak.
12:19 of 1st period - Shot Blocked by Jack Glover.
12:21 of 1st period - Snap shot by Andrew Poturalski.
12:21 of 1st period - Stopped by Eamon McAdam without a rebound.
12:22 of 1st period - Luke Kunin wins face-off versus Andrew Poturalski in Gulls zone.
13:23 of 1st period - Snap shot by Nick Merkley.
13:23 of 1st period - Shot Misses the Net.
13:25 of 1st period - Slapshot by Tarmo Reunanen.
13:25 of 1st period - Deflect By Jeremy Davies.
13:25 of 1st period - Stopped by Oscar Dansk with a rebound.
13:27 of 1st period - Snap shot by Nick Merkley.
13:27 of 1st period - Shot Blocked by Jeremy Davies.
13:29 of 1st period - Wrist shot by Pavel Dorofeyev.
13:29 of 1st period - Stopped by Oscar Dansk without a rebound.
13:30 of 1st period - Andrew Poturalski wins face-off versus Luke Kunin in Icehogs zone.
13:30 of 1st period - Andrew Poturalski is hit by Scott Wilson.
13:38 of 1st period - Wrist shot by Sergey Tolchinsky.
13:38 of 1st period - Shot Misses the Net.
13:40 of 1st period - Snap shot by Sergey Tolchinsky.
13:40 of 1st period - Goal by Sergey Tolchinsky - Gulls : 2 - Icehogs : 3.
13:41 of 1st period - Dillon Dube wins face-off versus Luke Kunin in neutral zone.
13:50 of 1st period - Slapshot by Hudson Fasching.
13:50 of 1st period - Shot Misses the Net.
14:24 of 1st period - Jeremy Davies is hit by Calvin Thurkauf and loses puck.
14:31 of 1st period - Markus Niemelainen is hit by Calle Andersson and loses puck.
14:44 of 1st period - Snap shot by Nikita Scherbak.
14:44 of 1st period - Shot Blocked by Calvin Thurkauf.
14:46 of 1st period - Slapshot by Zach Whitecloud.
14:46 of 1st period - Stopped by Eamon McAdam without a rebound.
14:47 of 1st period - Dillon Dube wins face-off versus Luke Kunin in Gulls zone.
14:52 of 1st period - Slapshot by Mikhail Grigorenko.
14:52 of 1st period - Shot Misses the Net.
15:39 of 1st period - Damien Giroux is hit by Ben Johnson and loses puck.
15:57 of 1st period - Icing by Jack Glover.
15:58 of 1st period - Mikhail Grigorenko wins face-off versus Calvin Thurkauf in Gulls zone.
15:59 of 1st period - Slapshot by Hudson Fasching.
15:59 of 1st period - Shot Blocked by Calvin Thurkauf.
16:24 of 1st period - Off-side.
16:25 of 1st period - Andrew Poturalski wins face-off versus Logan Brown in neutral zone.
16:40 of 1st period - Snap shot by Logan Brown.
16:40 of 1st period - Shot Blocked by Andrew Poturalski.
16:52 of 1st period - Mikhail Grigorenko is hit by Scott Wilson and loses puck.
17:19 of 1st period - Andrei Mironov is hit by Ben Johnson and loses puck.
17:34 of 1st period - Wrist shot by Nick Merkley.
17:34 of 1st period - Shot Blocked by Julius Honka.
18:00 of 1st period - Wrist shot by Andrew Poturalski.
18:00 of 1st period - Stopped by Eamon McAdam with a rebound.
18:37 of 1st period - Off-side.
18:38 of 1st period - Calvin Thurkauf wins face-off versus Ross Johnston in neutral zone.
19:07 of 1st period - Wrist shot by Hudson Fasching.
19:07 of 1st period - Goal by Hudson Fasching - Gulls : 2 - Icehogs : 4.
19:07 of 1st period - Louis Domingue enters game.
19:08 of 1st period - Logan Brown wins face-off versus Dillon Dube in neutral zone.
19:10 of 1st period - Minor Penalty to Logan Brown for Tripping.
19:11 of 1st period - Dillon Dube wins face-off versus Luke Kunin in Gulls zone.
19:53 of 1st period - Wrist shot by Nikita Scherbak.
19:53 of 1st period - Shot Misses the Net.
Goals for this period are 2 for Gulls vs 4 for Icehogs.
Shots for this period are 8 for Gulls vs 13 for Icehogs.

2nd period


0:01 of 2nd period - Dillon Dube wins face-off versus Luke Kunin in neutral zone.
0:26 of 2nd period - Andrew Poturalski is hit by Sergey Tolchinsky and loses puck.
1:10 of 2nd period - Penalty to Logan Brown is over, Logan Brown is back on ice.
1:20 of 2nd period - Wrist shot by Jack Glover.
1:20 of 2nd period - Deflect By Nick Merkley.
1:20 of 2nd period - Stopped by Oscar Dansk without a rebound.
1:21 of 2nd period - Ben Johnson wins face-off versus Damien Giroux in Icehogs zone.
1:46 of 2nd period - Mikhail Grigorenko is hit by Anton Blidh and loses puck.
2:09 of 2nd period - Andrew Poturalski is hit by Sergey Tolchinsky and loses puck.
2:43 of 2nd period - Icing by Dean Kukan.
2:44 of 2nd period - Ross Johnston wins face-off versus Logan Brown in Gulls zone.
2:47 of 2nd period - Slapshot by Patrick Sieloff.
2:47 of 2nd period - Stopped by Louis Domingue without a rebound.
2:48 of 2nd period - Logan Brown wins face-off versus Ben Johnson in Gulls zone.
2:55 of 2nd period - Snap shot by Anton Blidh.
2:55 of 2nd period - Stopped by Oscar Dansk with a rebound.
2:57 of 2nd period - Wrist shot by Logan Brown.
2:57 of 2nd period - Shot Misses the Net.
2:59 of 2nd period - Snap shot by Markus Niemelainen.
2:59 of 2nd period - Shot Misses the Net.
3:01 of 2nd period - Backhand shot by Logan Brown.
3:01 of 2nd period - Shot Misses the Net.
3:03 of 2nd period - Slapshot by Logan Brown.
3:03 of 2nd period - Stopped by Oscar Dansk without a rebound.
3:04 of 2nd period - Luke Kunin wins face-off versus Dillon Dube in Icehogs zone.
3:13 of 2nd period - Snap shot by Sergey Tolchinsky.
3:13 of 2nd period - Stopped by Oscar Dansk with a rebound.
3:19 of 2nd period - Wrist shot by Sergey Tolchinsky.
3:19 of 2nd period - Shot Misses the Net.
3:53 of 2nd period - Slapshot by Markus Niemelainen.
3:53 of 2nd period - Deflect By Calle Andersson.
3:53 of 2nd period - Stopped by Oscar Dansk without a rebound.
3:54 of 2nd period - Maxim Letunov wins face-off versus Calvin Thurkauf in Icehogs zone.
3:54 of 2nd period - Maxim Letunov is hit by Troy Terry.
4:31 of 2nd period - Slapshot by Calle Andersson.
4:31 of 2nd period - Shot Blocked by Andrei Mironov.
4:49 of 2nd period - Wrist shot by Calle Andersson.
4:49 of 2nd period - Stopped by Louis Domingue with a rebound.
4:55 of 2nd period - Slapshot by Dylan DeMelo.
4:55 of 2nd period - Stopped by Oscar Dansk with a rebound.
5:11 of 2nd period - Wrist shot by Troy Terry.
5:11 of 2nd period - Shot Blocked by Mitchell Chaffee.
5:13 of 2nd period - Slapshot by Andrei Mironov.
5:13 of 2nd period - Shot Blocked by Calle Andersson.
5:15 of 2nd period - Wrist shot by Mikhail Maltsev.
5:15 of 2nd period - Goal by Mikhail Maltsev - Gulls : 3 - Icehogs : 4.
5:16 of 2nd period - Luke Kunin wins face-off versus Dillon Dube in neutral zone.
5:31 of 2nd period - Snap shot by Sergey Tolchinsky.
5:31 of 2nd period - Shot Blocked by Hudson Fasching.
5:46 of 2nd period - Julius Honka is hit by Pavel Dorofeyev.
5:50 of 2nd period - Snap shot by Mikhail Grigorenko.
5:50 of 2nd period - Stopped by Louis Domingue with a rebound.
6:49 of 2nd period - Slapshot by Dylan DeMelo.
6:49 of 2nd period - Shot Blocked by Zach Whitecloud.
7:57 of 2nd period - Snap shot by Troy Terry.
7:57 of 2nd period - Shot Hit the Post.
7:59 of 2nd period - Slapshot by Markus Niemelainen.
7:59 of 2nd period - Shot Blocked by Patrick Sieloff.
8:10 of 2nd period - Minor Penalty to Logan Brown for Holding Stick.
8:11 of 2nd period - Luke Kunin wins face-off versus Dillon Dube in Gulls zone.
8:20 of 2nd period - Snap shot by Mikhail Grigorenko.
8:20 of 2nd period - Stopped by Louis Domingue without a rebound.
8:21 of 2nd period - Luke Kunin wins face-off versus Dillon Dube in Gulls zone.
8:30 of 2nd period - Slapshot by Hudson Fasching.
8:30 of 2nd period - Shot Misses the Net.
8:40 of 2nd period - Snap shot by Hudson Fasching.
8:40 of 2nd period - Shot Misses the Net.
8:42 of 2nd period - Wrist shot by Dillon Dube.
8:42 of 2nd period - Stopped by Louis Domingue without a rebound.
8:43 of 2nd period - Luke Kunin wins face-off versus Andrew Poturalski in Gulls zone.
9:04 of 2nd period - Snap shot by Hudson Fasching.
9:04 of 2nd period - Shot Blocked by Dylan DeMelo.
9:06 of 2nd period - Snap shot by Hudson Fasching.
9:06 of 2nd period - Shot Blocked by Sergey Tolchinsky.
9:08 of 2nd period - Wrist shot by Mikhail Grigorenko.
9:08 of 2nd period - Goal by Mikhail Grigorenko - Gulls : 3 - Icehogs : 5.
9:09 of 2nd period - Logan Brown wins face-off versus Dillon Dube in neutral zone.
9:36 of 2nd period - Nikita Scherbak is hit by Scott Wilson and loses puck.
9:41 of 2nd period - Wrist shot by Sergey Tolchinsky.
9:41 of 2nd period - Shot Blocked by Patrick Sieloff.
10:17 of 2nd period - Jeremy Davies is hit by Nick Merkley.
10:43 of 2nd period - Snap shot by Andrew Poturalski.
10:43 of 2nd period - Shot Misses the Net.
10:59 of 2nd period - Off-side.
11:00 of 2nd period - Dillon Dube wins face-off versus Luke Kunin in neutral zone.
11:07 of 2nd period - Snap shot by Hudson Fasching.
11:07 of 2nd period - Stopped by Louis Domingue with a rebound.
11:39 of 2nd period - Snap shot by Luke Kunin.
11:39 of 2nd period - Stopped by Oscar Dansk with a rebound.
11:59 of 2nd period - Snap shot by Mikhail Grigorenko.
11:59 of 2nd period - Shot Blocked by Luke Kunin.
12:01 of 2nd period - Slapshot by Julius Honka.
12:01 of 2nd period - Stopped by Louis Domingue with a rebound.
12:03 of 2nd period - Slapshot by Patrick Sieloff.
12:03 of 2nd period - Stopped by Louis Domingue with a rebound.
12:05 of 2nd period - Slapshot by Hudson Fasching.
12:05 of 2nd period - Shot Misses the Net.
12:07 of 2nd period - Snap shot by Julius Honka.
12:07 of 2nd period - Shot Misses the Net.
12:13 of 2nd period - Snap shot by Hudson Fasching.
12:13 of 2nd period - Shot Misses the Net.
12:20 of 2nd period - Snap shot by Mikhail Grigorenko.
12:20 of 2nd period - Shot Blocked by Scott Wilson.
12:30 of 2nd period - Wrist shot by Dillon Dube.
12:30 of 2nd period - Shot Misses the Net.
12:34 of 2nd period - Wrist shot by Dillon Dube.
12:34 of 2nd period - Stopped by Louis Domingue without a rebound.
12:35 of 2nd period - Logan Brown wins face-off versus Andrew Poturalski in Gulls zone.
12:37 of 2nd period - Minor Penalty to Logan Brown for Cross-checking.
12:38 of 2nd period - Andrew Poturalski wins face-off versus Calvin Thurkauf in Gulls zone.
13:06 of 2nd period - Dylan DeMelo is hit by Andrew Poturalski.
13:44 of 2nd period - Nils Hoglander is hit by Calvin Thurkauf and loses puck.
14:37 of 2nd period - Penalty to Logan Brown is over, Logan Brown is back on ice.
15:41 of 2nd period - Icing by Calvin Thurkauf.
15:42 of 2nd period - Damien Giroux wins face-off versus Dillon Dube in Gulls zone.
15:47 of 2nd period - Slapshot by Jack Glover.
15:47 of 2nd period - Goal by Jack Glover - Gulls : 4 - Icehogs : 5.
15:48 of 2nd period - Anton Blidh wins face-off versus Dillon Dube in neutral zone.
15:48 of 2nd period - Dean Kukan is hit by Dillon Dube and loses puck.
15:53 of 2nd period - Wrist shot by Anton Blidh.
15:53 of 2nd period - Stopped by Oscar Dansk with a rebound.
15:55 of 2nd period - Slapshot by Markus Niemelainen.
15:55 of 2nd period - Stopped by Oscar Dansk with a rebound.
15:57 of 2nd period - Slapshot by Dean Kukan.
15:57 of 2nd period - Stopped by Oscar Dansk without a rebound.
15:58 of 2nd period - Logan Brown wins face-off versus Dillon Dube in Icehogs zone.
16:33 of 2nd period - Snap shot by Logan Brown.
16:33 of 2nd period - Shot Misses the Net.
16:39 of 2nd period - Wrist shot by Anton Blidh.
16:39 of 2nd period - Stopped by Oscar Dansk without a rebound.
16:40 of 2nd period - Nils Hoglander wins face-off versus Luke Kunin in Icehogs zone.
16:45 of 2nd period - Scott Wilson is hit by Andrew Poturalski and loses puck.
17:30 of 2nd period - Slapshot by Andrei Mironov.
17:30 of 2nd period - Stopped by Oscar Dansk without a rebound.
17:31 of 2nd period - Dillon Dube wins face-off versus Damien Giroux in Icehogs zone.
18:59 of 2nd period - Slapshot by Mikhail Grigorenko.
18:59 of 2nd period - Stopped by Louis Domingue with a rebound.
19:05 of 2nd period - Snap shot by Jakub Vrana.
19:05 of 2nd period - Stopped by Oscar Dansk with a rebound.
19:07 of 2nd period - Snap shot by Logan Brown.
19:07 of 2nd period - Stopped by Oscar Dansk with a rebound.
19:25 of 2nd period - Backhand shot by Luke Kunin.
19:25 of 2nd period - Shot Misses the Net.
19:37 of 2nd period - Calle Andersson is hit by Calvin Thurkauf and loses puck.
Goals for this period are 2 for Gulls vs 1 for Icehogs.
Shots for this period are 16 for Gulls vs 11 for Icehogs.

3rd period


0:01 of 3rd period - Jakub Vrana wins face-off versus Dillon Dube in neutral zone.
0:31 of 3rd period - Icing by Andrew Poturalski.
0:32 of 3rd period - Luke Kunin wins face-off versus Andrew Poturalski in Icehogs zone.
1:23 of 3rd period - Ross Johnston is hit by Calvin Thurkauf and loses puck.
1:50 of 3rd period - Wrist shot by Gabriel Fortier.
1:50 of 3rd period - Stopped by Louis Domingue with a rebound.
1:52 of 3rd period - Snap shot by Gabriel Fortier.
1:52 of 3rd period - Shot Misses the Net.
1:54 of 3rd period - Slapshot by Jeremy Davies.
1:54 of 3rd period - Shot Blocked by Pavel Dorofeyev.
2:16 of 3rd period - Snap shot by Nick Merkley.
2:16 of 3rd period - Goal by Nick Merkley - Gulls : 5 - Icehogs : 5.
2:17 of 3rd period - Logan Brown wins face-off versus Dillon Dube in neutral zone.
2:44 of 3rd period - Nils Hoglander is hit by Luke Kunin and loses puck.
3:10 of 3rd period - Julius Honka is hit by Dylan DeMelo and loses puck.
4:34 of 3rd period - Snap shot by Nick Merkley.
4:34 of 3rd period - Shot Misses the Net.
4:38 of 3rd period - Snap shot by Nick Merkley.
4:38 of 3rd period - Shot Misses the Net.
4:40 of 3rd period - Wrist shot by Pavel Dorofeyev.
4:40 of 3rd period - Shot Blocked by Jeremy Davies.
4:42 of 3rd period - Snap shot by Jack Glover.
4:42 of 3rd period - Stopped by Oscar Dansk with a rebound.
4:44 of 3rd period - Slapshot by Jack Glover.
4:44 of 3rd period - Stopped by Oscar Dansk with a rebound.
5:08 of 3rd period - Snap shot by Nick Merkley.
5:08 of 3rd period - Stopped by Oscar Dansk with a rebound.
5:10 of 3rd period - Wrist shot by Damien Giroux.
5:10 of 3rd period - Goal by Damien Giroux - Gulls : 6 - Icehogs : 5.
5:11 of 3rd period - Logan Brown wins face-off versus Dillon Dube in neutral zone.
5:40 of 3rd period - Markus Niemelainen is hit by Nils Hoglander and loses puck.
5:47 of 3rd period - Slapshot by Dean Kukan.
5:47 of 3rd period - Shot Misses the Net.
5:49 of 3rd period - Snap shot by Scott Wilson.
5:49 of 3rd period - Shot Misses the Net.
6:24 of 3rd period - Wrist shot by Calvin Thurkauf.
6:24 of 3rd period - Shot Blocked by Declan Chisholm.
6:26 of 3rd period - Slapshot by Dylan DeMelo.
6:26 of 3rd period - Stopped by Oscar Dansk without a rebound.
6:27 of 3rd period - Dillon Dube wins face-off versus Logan Brown in Icehogs zone.
6:27 of 3rd period - Dillon Dube is hit by Jakub Vrana.
6:37 of 3rd period - Slapshot by Mikhail Grigorenko.
6:37 of 3rd period - Deflect By Dillon Dube.
6:37 of 3rd period - Stopped by Louis Domingue with a rebound.
6:39 of 3rd period - Wrist shot by Mikhail Grigorenko.
6:39 of 3rd period - Shot Misses the Net.
6:53 of 3rd period - Patrick Sieloff is hit by Luke Kunin and loses puck.
7:39 of 3rd period - Dylan DeMelo is hit by Jeremy Davies and loses puck.
8:23 of 3rd period - Icing by Tarmo Reunanen.
8:24 of 3rd period - Luke Kunin wins face-off versus Maxim Letunov in Gulls zone.
8:37 of 3rd period - Julius Honka is hit by Luke Kunin and loses puck.
8:58 of 3rd period - Slapshot by Ben Johnson.
8:58 of 3rd period - Deflect By Tarmo Reunanen.
8:58 of 3rd period - Shot Blocked by Jack Glover.
8:58 of 3rd period - Puck is out of play.
8:59 of 3rd period - Dillon Dube wins face-off versus Logan Brown in Gulls zone.
9:10 of 3rd period - Wrist shot by Hudson Fasching.
9:10 of 3rd period - Shot Blocked by Jakub Vrana.
9:12 of 3rd period - Snap shot by Dillon Dube.
9:12 of 3rd period - Stopped by Louis Domingue with a rebound.
9:14 of 3rd period - Slapshot by Zach Whitecloud.
9:14 of 3rd period - Stopped by Louis Domingue without a rebound.
9:15 of 3rd period - Andrew Poturalski wins face-off versus Calvin Thurkauf in Gulls zone.
9:28 of 3rd period - Slapshot by Andrew Poturalski.
9:28 of 3rd period - Shot Misses the Net.
9:30 of 3rd period - Slapshot by Julius Honka.
9:30 of 3rd period - Deflect By Nils Hoglander.
9:30 of 3rd period - Stopped by Louis Domingue with a rebound.
9:40 of 3rd period - Logan Brown is hit by Hudson Fasching and loses puck.
10:49 of 3rd period - Wrist shot by Mikhail Maltsev.
10:49 of 3rd period - Stopped by Oscar Dansk with a rebound.
11:13 of 3rd period - Snap shot by Hudson Fasching.
11:13 of 3rd period - Goal by Hudson Fasching - Gulls : 6 - Icehogs : 6.
11:14 of 3rd period - Anton Blidh wins face-off versus Dillon Dube in neutral zone.
11:17 of 3rd period - Julius Honka is hit by Anton Blidh.
11:39 of 3rd period - Scott Wilson is hit by Andrew Poturalski and loses puck.
12:04 of 3rd period - Slapshot by Ben Johnson.
12:04 of 3rd period - Shot Misses the Net.
12:23 of 3rd period - Snap shot by Mikhail Grigorenko.
12:23 of 3rd period - Shot Misses the Net.
12:25 of 3rd period - Slapshot by Julius Honka.
12:25 of 3rd period - Shot Blocked by Tarmo Reunanen.
12:27 of 3rd period - Wrist shot by Mikhail Grigorenko.
12:27 of 3rd period - Goal by Mikhail Grigorenko - Gulls : 6 - Icehogs : 7.
12:28 of 3rd period - Dillon Dube wins face-off versus Logan Brown in neutral zone.
12:35 of 3rd period - Snap shot by Hudson Fasching.
12:35 of 3rd period - Stopped by Louis Domingue without a rebound.
12:36 of 3rd period - Logan Brown wins face-off versus Mikhail Grigorenko in Gulls zone.
12:41 of 3rd period - Snap shot by Hudson Fasching.
12:41 of 3rd period - Stopped by Louis Domingue without a rebound.
12:42 of 3rd period - Logan Brown wins face-off versus Dillon Dube in Gulls zone.
13:07 of 3rd period - Minor Penalty to Patrick Sieloff for Unsportsmanlike conduct.
13:08 of 3rd period - Logan Brown wins face-off versus Dillon Dube in Icehogs zone.
13:11 of 3rd period - Snap shot by Troy Terry.
13:11 of 3rd period - Shot Misses the Net.
13:13 of 3rd period - Snap shot by Logan Brown.
13:13 of 3rd period - Goal by Logan Brown - Gulls : 7 - Icehogs : 7.
13:14 of 3rd period - Dillon Dube wins face-off versus Logan Brown in neutral zone.
13:19 of 3rd period - Snap shot by Mikhail Grigorenko.
13:19 of 3rd period - Stopped by Louis Domingue with a rebound.
14:44 of 3rd period - Patrick Sieloff is hit by Jakub Vrana.
14:48 of 3rd period - Dean Kukan is hit by Dillon Dube and loses puck.
14:55 of 3rd period - Backhand shot by Anton Blidh.
14:55 of 3rd period - Stopped by Oscar Dansk with a rebound.
14:57 of 3rd period - Snap shot by Logan Brown.
14:57 of 3rd period - Stopped by Oscar Dansk with a rebound.
14:59 of 3rd period - Snap shot by Logan Brown.
14:59 of 3rd period - Shot Misses the Net.
15:01 of 3rd period - Slapshot by Markus Niemelainen.
15:01 of 3rd period - Shot Blocked by Jeremy Davies.
15:03 of 3rd period - Snap shot by Logan Brown.
15:03 of 3rd period - Shot Misses the Net.
15:05 of 3rd period - Wrist shot by Anton Blidh.
15:05 of 3rd period - Deflect By Jakub Vrana.
15:05 of 3rd period - Shot Blocked by Hudson Fasching.
15:05 of 3rd period - Puck is out of play.
15:06 of 3rd period - Calvin Thurkauf wins face-off versus Andrew Poturalski in Icehogs zone.
15:32 of 3rd period - Dylan DeMelo is hit by JJ. Piccinich and loses puck.
16:46 of 3rd period - Icing by Andrei Mironov.
16:47 of 3rd period - Ben Johnson wins face-off versus Luke Kunin in Gulls zone.
18:05 of 3rd period - Declan Chisholm is hit by Logan Brown and loses puck.
18:34 of 3rd period - Wrist shot by Ben Johnson.
18:34 of 3rd period - Shot Misses the Net.
18:36 of 3rd period - Snap shot by Ben Johnson.
18:36 of 3rd period - Shot Misses the Net.
18:38 of 3rd period - Snap shot by JJ. Piccinich.
18:38 of 3rd period - Stopped by Louis Domingue with a rebound.
18:40 of 3rd period - Slapshot by Ben Johnson.
18:40 of 3rd period - Stopped by Louis Domingue without a rebound.
18:41 of 3rd period - Dillon Dube wins face-off versus Sergey Tolchinsky in Gulls zone.
18:48 of 3rd period - Dillon Dube is hit by Logan Brown.
18:59 of 3rd period - Minor Penalty to Calvin Thurkauf for Tripping.
19:00 of 3rd period - Luke Kunin wins face-off versus Hudson Fasching in Gulls zone.
19:08 of 3rd period - Wrist shot by Hudson Fasching.
19:08 of 3rd period - Stopped by Louis Domingue without a rebound.
19:09 of 3rd period - Mikhail Grigorenko wins face-off versus Luke Kunin in Gulls zone.
19:12 of 3rd period - Snap shot by Mikhail Grigorenko.
19:12 of 3rd period - Shot Blocked by Luke Kunin.
19:50 of 3rd period - Snap shot by Mikhail Grigorenko.
19:50 of 3rd period - Goal by Mikhail Grigorenko - Gulls : 7 - Icehogs : 8.
19:51 of 3rd period - Dillon Dube wins face-off versus Logan Brown in neutral zone.
19:56 of 3rd period - Wrist shot by Hudson Fasching.
19:56 of 3rd period - Stopped by Louis Domingue with a rebound.
Goals for this period are 3 for Gulls vs 3 for Icehogs.
Shots for this period are 10 for Gulls vs 15 for Icehogs.